 Dungeon Crawl Stone Soup version 0.25-a0-167-g836c352ace (webtiles) character file.

Game seed: 3993512241717923908, levelgen mode: deterministic

54 vurker the Grave Robber (level 3, 0/26 HPs)
             Began as a Demonspawn Necromancer on Nov 25, 2019.
             Slain by a gnoll
             ... wielding a +0 spear
              (5 damage)
             ... on level 2 of the Dungeon.
             The game lasted 00:04:48 (1841 turns).

vurker the Grave Robber (Demonspawn Necromancer)    Turns: 1841, Time: 00:04:49

Health: 0/26       AC:  2    Str:  8    XL:     3   Next: 66%
Magic:  3/7        EV: 12    Int: 17    God:
Gold:   84         SH:  0    Dex: 13    Spells: 5/7 levels left

rFire    . . .     SeeInvis .   k - +3 dagger (freeze)
rCold    . . .     Gourm    .   (no shield)
rNeg     . . .     Faith    .   a - +0 robe
rPois    .         Spirit   .   (helmet restricted)
rElec    .         Reflect  .   (no cloak)
rCorr    .         Harm     .   (no gloves)
MR       .....                  (no boots)
Stlth    ++........             (no amulet)
HPRegen  0.08/turn              (no ring)
MPRegen  0.10/turn              (no ring)

@: no status effects
A: antennae 1, powered by pain 1
a: no special abilities


You were on level 2 of the Dungeon.
You were not hungry.

You visited 1 branch of the dungeon, and saw 2 of its levels.

You collected 84 gold pieces.

Inventory:

Hand Weapons
 k - a +3 dagger of freezing (weapon)
   (You took it off a goblin on level 1 of the Dungeon)
Armour
 a - a +0 robe (worn)
 p - a cursed +0 robe
   (You found it on level 2 of the Dungeon)
Jewellery
 f - a cursed ring of attention {unknown}
   (You found it on level 1 of the Dungeon)
 g - an uncursed ring of magical power {unknown}
   (You found it on level 1 of the Dungeon)
Scrolls
 b - a scroll of remove curse {unknown}
 c - a scroll of amnesia {unknown}
 h - a scroll of immolation {unknown}
 j - a scroll of blinking {unknown}
 m - a scroll of enchant weapon {unknown}
 n - a scroll of enchant armour {unknown}
Potions
 d - a potion of curing {unknown}
 i - a potion of brilliance {unknown}
 l - a potion of degeneration {unknown}
Comestibles
 e - 8 rations
 o - a chunk of flesh


   Skills:
 + Level 1.2 Fighting
 - Level 1.7 Dodging
 - Level 1.7 Stealth
 * Level 2.8 Spellcasting
 * Level 5.1 Necromancy


You had 5 spell levels left.
You knew the following spells:

 Your Spells              Type           Power        Failure   Level  Hunger
a - Pain                  Necr           ###.         2%          1    #......
v - Animate Skeleton      Necr           N/A          2%          1    #......

Your spell library contained the following spells:

 Spells                   Type           Power        Failure   Level  Hunger
 Vampiric Draining        Necr           ###.......   7%          3    ###....
 Regeneration             Chrm/Necr      ##........   19%         3    ###....
 Animate Dead             Necr           N/A          22%         4    #####..


Dungeon Overview and Level Annotations

Branches:
Dungeon (2/15)

Altars:
Yredelemnul

Annotations:
D:2 1 runed translucent door


Innate Abilities, Weirdness & Mutations

You have a pair of small antennae on your head.
You sometimes gain a little power by taking damage.


Message History

Aim: a gnoll (lightly wounded, chance to defeat MR: 84%)
The gnoll writhes in agony.
Your bat skeleton hits the gnoll but does no damage.
Your bat skeleton hits the gnoll.
The gnoll barely misses you.
Aim: a gnoll (moderately wounded, chance to defeat MR: 84%)
The gnoll writhes in agony!
Your bat skeleton closely misses the gnoll.
Your bat skeleton hits the gnoll but does no damage.
The gnoll barely misses you. The gnoll hits you but does no damage.
Your rat skeleton barely misses the gnoll.
Aim: a gnoll (severely wounded, chance to defeat MR: 84%)
The gnoll writhes in agony.
You kill the gnoll!
Your bat skeleton barely misses the gnoll.
Your bat skeleton hits the gnoll but does no damage.
The gnoll hits your bat skeleton with a +0 club.
The gnoll closely misses you.
Aim: a gnoll, wielding a +0 spear (chance to defeat MR: 84%)
You miscast Pain.
Nothing appears to happen.
Your bat skeleton closely misses the gnoll.
Your bat skeleton hits the gnoll but does no damage.
The gnoll closely misses you.
Your bat skeleton hits the gnoll.
The gnoll hits your bat skeleton with a +0 club.
Your bat skeleton is destroyed!
Aim: a gnoll, wielding a +0 spear (chance to defeat MR: 84%)
The gnoll writhes in agony.
The gnoll hits you from afar with a +0 spear.
The gnoll hits your rat skeleton with a +0 club!
Your rat skeleton is destroyed!
Aim: a gnoll, wielding a +0 spear (moderately wounded, chance to defeat MR: 84%)
The gnoll barely resists.
The gnoll hits you from afar with a +0 spear.
You don't have enough magic to cast that spell.
There is an open door here.
You see here a +0 club.
Your magical contamination has completely faded away.
You see here an embroidered robe.
p - an embroidered robe The gnoll closely misses you.
The gnoll closely misses you. The gnoll barely misses you.
The gnoll closely misses you.
You see here a hand axe.
Aim: a gnoll, wielding a +0 spear (lightly wounded, chance to defeat MR: 84%)
The gnoll writhes in agony.
Aim: a gnoll, wielding a +0 spear (heavily wounded, chance to defeat MR: 84%)
The gnoll writhes in agony.
The gnoll hits you from afar with a +0 spear!
* * * LOW HITPOINT WARNING * * *
The gnoll hits you from afar with a +0 spear.
You die...

#....##g##.......##############
#....##.########## #....
#....##.######## #....
#....##........# #....
#....###....##.# #.... #....#
#.##.##g# #.... #....#
#.##.##g# ######.... #....+
.....##.# #......... ##.#####@#
#.......## #.# #.# #.......##
#.#####)#######.........
#.......................
#.......................
#.......................
#.#####.#######.......##
###.#####'## ##########
...........#


You could see 2 gnolls.

Vanquished Creatures
  A gnoll (D:2)
  An ooze (D:1)
  A dart slug (D:1)
  A leopard gecko (D:2)
  3 bats
  7 goblins
  3 hobgoblins
  4 jackals
  A jackal skeleton (D:2)
  6 kobolds
  2 rats
30 creatures vanquished.

Vanquished Creatures (collateral kills)
  2 hobgoblins
  3 jackals
5 creatures vanquished.

Grand Total: 35 creatures vanquished

Notes
Turn   | Place    | Note
-------+----------+-------------------------------------------
     0 | D:1      | vurker the Demonspawn Necromancer began the quest for the
                  | Orb.
     0 | D:1      | Reached XP level 1. HP: 13/13 MP: 3/3
    20 | D:1      | Learned a level 1 spell: Animate Skeleton
   329 | D:1      | Gained mutation: You have a pair of small antennae on your
                  | head. [demonic ancestry]
   329 | D:1      | Reached XP level 2. HP: 19/20 MP: 1/5
   866 | D:1      | Reached skill level 1 in Fighting
   980 | D:2      | Gained mutation: You sometimes gain a little power by
                  | taking damage. [demonic ancestry]
   980 | D:2      | Reached XP level 3. HP: 26/26 MP: 4/6
  1294 | D:2      | Reached skill level 5 in Necromancy
  1648 | D:2      | Found a runed translucent door.
  1648 | D:2      | Noticed a human
  1707 | D:2      | Found a basalt altar of Yredelemnul.
  1841 | D:2      | Slain by a gnoll

Levels and vault maps discovered:
D:1:      ncdulo_lavacross, layout_loops_ring, minivault_26
D:2:      layout_basic, first_ration, dk_yredelemnul_ordeal

Skill      XL: |  1  2  3 |
---------------+----------+-----
Fighting       | 1 |  1.2
Necromancy     | 5 |  5.1
Dodging        | |  1.7
Stealth        | |  1.7
Spellcasting   | |  2.8

Action                   || total
-------------------------++-------
Melee: Dagger            ||    33
 Cast: Pain              ||    48
       Animate Skeleton  ||     9
  Eat: Chunk             ||     3
Armor: Robe              ||     6
Dodge: Dodged            ||    39

Table legend:
 A = Non-vault XP
 B = Vault XP
 C = Vault XP percentage of total XP
 D = Non-vault monster count
 E = Vault monster count
 F = Vault count percentage of total count
                 A         B        C        D         E       F
            +---------+---------+-------+---------+---------+-------
      Total |      77 |       1 |   1.3 |      34 |       1 |   2.9
            +---------+---------+-------+---------+---------+-------
        D:1 |      40 |       0 |   0.0 |      19 |       0 |   0.0
        D:2 |      37 |       1 |   2.6 |      15 |       1 |   6.2
            +---------+---------+-------+---------+---------+-------
